[Event "*** SCC Grand Prix: Titled Tuesday Blitz"]
[Site "Chess.com"]
[Date "2020.06.23"]
[Round "8"]
[White "Dr-Bassem"]
[Black "TigrVShlyape"]
[Result "1-0"]
[WhiteElo "2814"]
[BlackElo "2906"]
[TimeControl "180+1"]
[EndTime "11:36:09 PDT"]
[Termination "Dr-Bassem won on time"]

1. e4 e5 2. Nf3 Nc6 3. Bc4 Nf6 4. d3 Bc5 5. O-O d6 6. c3 a6 7. Re1 Ba7 8. Bb3 h6 9. Nbd2 Be6 10. Nf1 Bxb3 11.
Qxb3 O-O 12. Qxb7 Qd7 13. Qb3 Rab8 14. Qa4 Ng4 15. Re2 Rb5 16. Ng3 d5 17. h3 Nf6 18.
exd5 Rxd5 19. Be3 Bxe3 20. Rxe3 Rb8 21. b3 Rc5 22. Ne4 Nxe4 23. dxe4 a5 24. Qa3 Rcb5 25.
Qc1 Rd8 26. Qc2 Rbb8 27. Ree1 Qe7 28. Red1 Qc5 29. Rxd8+ Rxd8 30. Rc1 g6 31. Qe2 Kg7 32.
Nd2 Qd6 33. Nc4 Qd3 34. Qxd3 Rxd3 35. Kf1 f5 36. Ke2 fxe4 37. Nd2 Rd8 38. Nxe4 Kf7 39. Rd1 Rxd1 40. Kxd1 Ke6 41. Kd2 Kd5 42. Kd3 Ne7 43.
c4+ Ke6 44. a3 Nc6 45. Nc5+ Kd6 46. Ne4+ Ke6 47. g4 h5 48. Kc3 hxg4 49. hxg4 Nd4 50. Nc5+ 1-0

[Event "*** SCC Grand Prix: Titled Tuesday Blitz"]
[Site "Chess.com"]
[Date "2020.06.23"]
[Round "8"]
[White "Gerasimenyuk_Miha"]
[Black "SiddharthGMJagadeesh"]
[Result "0-1"]
[WhiteElo "2318"]
[BlackElo "2436"]
[TimeControl "180+1"]
[EndTime "11:36:09 PDT"]
[Termination "SiddharthGMJagadeesh won by resignation"]

1. d4 Nf6 2. Nf3 g6 3. Bg5 Bg7 4. Nbd2 O-O 5. e3 d5 6. Bd3 c5 7. c3 Nc6 8. h4 Bg4 9. Bxf6 Bxf6 10. h5 e5 11. dxe5 Nxe5 12. Be2 Nxf3+ 13. Bxf3 Bf5 14.
hxg6 hxg6 15. Bg4 Bxg4 16. Qxg4 d4 17. O-O-O dxc3 18. Ne4 cxb2+ 19. Kb1 Qe7 20. f3 Rfd8 21. Qf4 Bg7 22. Ng5 Rxd1+ 23. Rxd1 Bf6 24. Ne4 Be5 25.
Qg5 Qxg5 26. Nxg5 c4 27. f4 Bf6 28. Ne4 Bg7 29. Nd6 c3 30. e4 Rd8 31. e5 Bf8 32.
Kc2 Bxd6 33. exd6 Kg7 34. Rd3 Kf6 35. Rxc3 Rxd6 36. Kxb2 Rb6+ 37. Ka3 Kf5 38. g3 f6 39. Re3 Kg4 40. Ka4 Rb1 41. Re6 Kf5 42. Re7 Rg1 43. Rxb7 Rxg3 44. Rxa7 Rf3 45. Rg7 Rxf4+ 46. Kb5 g5 47. a4 Rf1 48. a5 Rb1+ 49. Kc4 Ra1 50. Kb4 g4 51. Kb5 Kf4 52. a6 f5 53. a7 Kf3 54. Kc4 f4 55. Kd3 g3 56. Kd2 g2 57.
Kd3 Rxa7 58. Rxa7 g1=Q 59. Ra3 Qe3+ 0-1

[Event "*** SCC Grand Prix: Titled Tuesday Blitz"]
[Site "Chess.com"]
[Date "2020.06.23"]
[Round "8"]
[White "ljuks68"]
[Black "arvielozano"]
[Result "0-1"]
[WhiteElo "2360"]
[BlackElo "2002"]
[TimeControl "180+1"]
[EndTime "11:36:09 PDT"]
[Termination "arvielozano won on time"]

1. e4 g6 2. d4 Bg7 3. Nc3 d6 4. f4 Nf6 5. Nf3 O-O 6. Be3 c5 7. dxc5 dxc5 8. Qxd8 Rxd8 9. Bxc5 Nc6 10. Bd3 b6 11.
Be3 Bb7 12. O-O-O Nb4 13. Rhe1 Ng4 14. Bg1 Bxc3 15. bxc3 Nxd3+ 16. cxd3 Rac8 17. Kb2 e6 18. Bd4 Ba6 19. h3 Nh6 20. g4 Kf8 21. c4 Bb7 22. Bf6 Rd7 23. Ng5 Ng8 24. Nxh7+ Ke8 25. Be5 f5 26.
Ng5 fxe4 27. dxe4 Rxc4 28. Rxd7 Kxd7 29. Rd1+ Ke7 30. Bd6+ Ke8 31. Nxe6 Rxe4 32. Be5 Ke7 33. Ng5 Re2+ 34. Kb3 Nf6 35. Bxf6+ Kxf6 36. Rd6+ Ke7 37. Rxg6 Bd5+ 38. Kc3 Rxa2 39. Kd4 Bb3 40. Ne4 Bc2 41. Rg7+ Kf8 42. Rc7 Ra4+ 43. Kd5 Bxe4+ 44. Ke5 Bg2 45. h4 b5 46. f5 b4 47. Kf6 Ra6+ 48. Kg5 b3 49. f6 b2 50. Rc8+ Kf7 51. Rc7+ Ke8 52.
f7+ Kf8 53. Rc8+ Kxf7 0-1

[Event "*** SCC Grand Prix: Titled Tuesday Blitz"]
[Site "Chess.com"]
[Date "2020.06.23"]
[Round "8"]
[White "ChronicUnhappiness"]
[Black "Isajevsky_Anton"]
[Result "0-1"]
[WhiteElo "2360"]
[BlackElo "2520"]
[TimeControl "180+1"]
[EndTime "11:36:11 PDT"]
[Termination "Isajevsky_Anton won on time"]

1. c4 c5 2. Nc3 g6 3. Nf3 Bg7 4. g3 Nc6 5. Bg2 Nh6 6. O-O Nf5 7. b3 O-O 8. Bb2 b6 9. e3 Bb7 10. a3 Rb8 11. Qc2 d6 12. Nd5 e5 13. d3 Nce7 14. Nd2 Nxd5 15. cxd5 b5 16. a4 a6 17. axb5 axb5 18.
b4 Qb6 19. Ne4 Rfc8 20. bxc5 dxc5 21. Qb3 Nd6 22. Nxd6 Qxd6 23. f4 c4 24. dxc4 bxc4 25. Qa3 Qxa3 26. Rxa3 exf4 27. Bxg7 Kxg7 28. gxf4 Rc5 29. e4 c3 30. Rc1 Rbc8 31. Kf2 c2 32. Ke3 Kh6 33. Ra2 f5 34. e5 Bxd5 35. Bxd5 Rxd5 36. Raxc2 Rxc2 37. Rxc2 Kg7 38. Rc7+ Kg8 39. h4 Rd1 40. h5 gxh5 41. Rc6 Re1+ 42. Kf3 Rf1+ 43.
Kg3 Rg1+ 44. Kf2 Rg6 45. Rc8+ Kg7 46. Kf3 h4 47. Rc2 Rg3+ 48. Kf2 Kg6 49. Rc6+ Kh5 50.
e6 Rg7 51. Kf3 h3 52. Rc2 Kh4 0-1

[Event "*** SCC Grand Prix: Titled Tuesday Blitz"]
[Site "Chess.com"]
[Date "2020.06.23"]
[Round "8"]
[White "IM_Tissir"]
[Black "bait_or_mate"]
[Result "0-1"]
[WhiteElo "2467"]
[BlackElo "2625"]
[TimeControl "180+1"]
[EndTime "11:36:12 PDT"]
[Termination "bait_or_mate won by resignation"]

1. e4 c5 2. Nc3 Nc6 3. Bb5 d6 4.
Bxc6+ bxc6 5. d3 e5 6. f4 exf4 7. Bxf4 Be7 8. Nf3 Nf6 9. O-O O-O 10. Qd2 d5 11. Ne5 Bb7 12. Rae1 Nh5 13. Nf3 Nxf4 14. Qxf4 Rb8 15. b3 Qd6 16. e5 Qg6 17. Na4 Bc8 18. Qd2 Rb4 19. c4 Bf5 20. Nb2 Rd8 21. Qe2 a5 22. Rd1 Rbb8 23. Qf2 Bg4 24. Kh1 h6 25.
Rde1 Be6 26. Rd1 Qg4 27. Na4 d4 28. Nd2 Qg6 29. Ne4 Bg5 30. Naxc5 Be3 31. Qg3 Bg4 32. Rde1 h5 33. h3 Bf5 34. Qxg6 Bxg6 35. Rf3 Re8 36. Rfxe3 dxe3 37. Rxe3 Rxe5 38. Kg1 Rbe8 39. Rf3 f5 40. Nd7 fxe4 41. dxe4 Rxe4 42. Rg3 Re1+ 43. Kh2 Kh7 44. Nc5 R8e3 45. Rxe3 Rxe3 46. a3 Re2 47. b4 axb4 48.
axb4 Rc2 49. b5 cxb5 50. cxb5 Rxc5 51. h4 Rxb5 0-1

[Event "*** SCC Grand Prix: Titled Tuesday Blitz"]
[Site "Chess.com"]
[Date "2020.06.23"]
[Round "8"]
[White "queen_iryna"]
[Black "Yoshikrov"]
[Result "1/2-1/2"]
[WhiteElo "2232"]
[BlackElo "2025"]
[TimeControl "180+1"]
[EndTime "11:36:12 PDT"]
[Termination "Game drawn - insufficient material"]

1. d4 Nf6 2. Bg5 d5 3. Nc3 g6 4.
Qd2 h6 5. Bf4 Bg7 6. O-O-O Nc6 7.
f3 a6 8. g4 Be6 9. e3 Qd7 10.
Bd3 O-O-O 11. Nge2 g5 12. Bg3 Nb4 13. h4 Nxd3+ 14.
Qxd3 Qc6 15. Kb1 Bd7 16. Nc1 e6 17. Nb3 Qc4 18. Nc5 Qxd3 19. Nxd3 Bc6 20. Ne5 Rdf8 21. Rh2 Nd7 22. Nxc6 bxc6 23. Rdh1 f5 24. hxg5 hxg5 25. Rxh8 Rxh8 26. Rxh8+ Bxh8 27. gxf5 exf5 28. Kc1 Nb6 29. b3 Nd7 30. Kd2 Bf6 31. Ne2 Be7 32. Nc1 Bb4+ 33.
c3 Be7 34. Nd3 Bd6 35. Bxd6 cxd6 36. Nb4 Kb7 37. Ke2 Nf6 38. Nd3 Nh5 39. Kf2 a5 40. c4 dxc4 41. bxc4 Kb6 42. c5+ dxc5 43. Nxc5 Kb5 44.
Ne6 g4 45. Nc5 g3+ 46. Kg2 Kc4 47. Nb7 a4 48. Nd8 c5 49. dxc5 Kxc5 50. Ne6+ Kc4 51. f4 Kc3 52. Nd4 Kb2 53. Nxf5 Kxa2 54. Nd4 Kb2 55.
Nb5 a3 56. Nxa3 Kxa3 57. f5 Kb4 58. e4 Kc5 59. e5 Kd5 60. f6 Ke6 61. Kf3 Nxf6 62.
exf6 Kxf6 63. Kxg3 1/2-1/2

[Event "*** SCC Grand Prix: Titled Tuesday Blitz"]
[Site "Chess.com"]
[Date "2020.06.23"]
[Round "8"]
[White "eCztery"]
[Black "Skatchkov_V"]
[Result "1-0"]
[WhiteElo "2391"]
[BlackElo "2540"]
[TimeControl "180+1"]
[EndTime "11:36:14 PDT"]
[Termination "eCztery won by resignation"]

1. e4 e5 2. Nf3 d5 3. Nxe5 Bd6 4. d4 dxe4 5. Nc4 Nf6 6. Nxd6+ Qxd6 7. Nc3 Nc6 8. Nb5 Qd8 9. d5 Ne7 10. d6 Ned5 11.
c4 c6 12. Nc3 Nxc3 13. bxc3 O-O 14. Be2 Qa5 15. O-O Be6 16. h3 Rad8 17. Bf4 Qxc3 18.
Rc1 Qa5 19. c5 Nd5 20. Be5 f6 21. Bd4 Bf7 22. Bc4 Rd7 23. Qg4 Qd8 24. Qxe4 Re8 25.
Qg4 b6 26. Bxd5 Bxd5 27. Bxf6 Be6 28. Bxd8 Bxg4 29. Be7 Be2 30. Rfe1 Bb5 31. Re3 a5 32. cxb6 Rb8 33. a4 Bxa4 34. Ra3 Bb5 35. Rxa5 Rxb6 36. Ra8+ Kf7 37. Rf8+ Kg6 38. Rc3 Be2 39. Rg3+ Kh6 40. Rf4 g6 41. Bf8+ Rg7 42. Rh4+ Bh5 43. Rxh5+ Kxh5 44. Bxg7 c5 45. Bf8 c4 46. Be7 c3 47. Rxc3 1-0

[Event "*** SCC Grand Prix: Titled Tuesday Blitz"]
[Site "Chess.com"]
[Date "2020.06.23"]
[Round "8"]
[White "Playgood28"]
[Black "skoularikii"]
[Result "0-1"]
[WhiteElo "2277"]
[BlackElo "2496"]
[TimeControl "180+1"]
[EndTime "11:36:14 PDT"]
[Termination "skoularikii won on time"]

1. d4 d5 2. c4 c6 3. cxd5 cxd5 4. Nc3 Nf6 5. Bf4 Nc6 6. e3 a6 7. Nf3 e6 8. a3 Bd6 9. Bxd6 Qxd6 10. Bd3 e5 11.
dxe5 Nxe5 12. Nxe5 Qxe5 13. O-O O-O 14. Be2 b5 15. Bf3 Bb7 16. Re1 Ne4 17. Bxe4 dxe4 18. Qb3 Rac8 19. Red1 Rc7 20. Ne2 Rfc8 21. Rac1 g6 22.
Rxc7 Rxc7 23. Nd4 Rc4 24. h3 Bd5 25. Re1 Qg5 26. Qd1 h5 27. Qd2 h4 28. Rc1 Bb7 29. Rxc4 bxc4 30. Qb4 Qd5 31. Qe7 Kg7 32. Qxh4 Qd6 33. Qg5 Bc8 34. h4 f6 35. Qa5 Bd7 36. h5 Kh6 37. hxg6 Kxg6 38. Qd8 Kf7 39. Qh8 Qe5 40. Qh7+ Ke8 41. Qg8+ Ke7 42. Qg7+ Kd6 43. Qf8+ Kc7 44. Qa8 a5 45. Qa7+ Kd8 46. Qb6+ Ke7 47. Qa7 Ke8 48. Qa8+ Ke7 49. Qa7 Kd6 50. Qb8+ Kc5 51.
Qxe5+ fxe5 52. Ne2 c3 53. Nxc3 Bc6 54. b4+ Kc4 55.
Ne2 a4 56. g4 Kb3 0-1

[Event "*** SCC Grand Prix: Titled Tuesday Blitz"]
[Site "Chess.com"]
[Date "2020.06.23"]
[Round "8"]
[White "nitpicker"]
[Black "PowerThinking2650"]
[Result "0-1"]
[WhiteElo "2161"]
[BlackElo "2314"]
[TimeControl "180+1"]
[EndTime "11:36:14 PDT"]
[Termination "PowerThinking2650 won by resignation"]

1. d4 Nf6 2. c4 g6 3. Nc3 Bg7 4. e4 d6 5. Be2 O-O 6. Nf3 e5 7.
O-O Nc6 8. d5 Ne7 9. b4 Nh5 10.
g3 a5 11. Ba3 f5 12. Ng5 Nf6 13. bxa5 b6 14. Bb4 bxa5 15. Ba3 fxe4 16. Ngxe4 Nf5 17. c5 Ba6 18. Bxa6 Rxa6 19. Qd3 Ra8 20. cxd6 cxd6 21. Nb5 Nxe4 22. Qxe4 Rb8 23. Na7 Nd4 24. Rad1 Qd7 25. Nc6 Nf3+ 26. Kg2 Rbe8 27. h4 Rf4 28. Qe3 Qg4 29.
Rh1 Ref8 30. Rc1 e4 31. Bxd6 Nxh4+ 32. Rxh4 Rxf2+ 33. Qxf2 Rxf2+ 34. Kxf2 Qf3+ 35. Ke1 e3 36. Rh2 Bf8 37. Bf4 g5 38. d6 gxf4 39. d7 Qxg3+ 40. Ke2 f3+ 41. Kd3 Qd6+ 42. Nd4 Qxd7 43. Kxe3 Bg7 44. Rg1 Qxd4+ 45. Kxf3 Qxg1 46. Rg2 Qf1+ 47. Rf2 Qxf2+ 48. Kxf2 Kf7 49. Ke2 Kg6 50. Kd3 Bf8 51.
Kc4 a4 52. Kb5 a3 53. Ka4 h5 54. Kb3 h4 55. Kc2 Kg5 56. Kd2 Kf4 57. Ke2 Kg3 0-1

[Event "*** SCC Grand Prix: Titled Tuesday Blitz"]
[Site "Chess.com"]
[Date "2020.06.23"]
[Round "8"]
[White "shineatchess"]
[Black "leoduarte"]
[Result "1-0"]
[WhiteElo "2141"]
[BlackElo "2252"]
[TimeControl "180+1"]
[EndTime "11:36:15 PDT"]
[Termination "shineatchess won on time"]

1. d4 Nf6 2. c4 g6 3. Nc3 Bg7 4. e4 d6 5. Nf3 O-O 6. Be2 c5 7. d5 e6 8. O-O Re8 9. h3 exd5 10. exd5 Bf5 11. Bd3 Ne4 12. Nxe4 Bxe4 13. Bxe4 Rxe4 14. Qc2 Re8 15. Bg5 Qd7 16. Rfe1 Na6 17. a3 Nc7 18. a4 Na6 19. Rxe8+ Rxe8 20. Re1 Rxe1+ 21. Nxe1 Nb4 22. Qb3 Qf5 23. Bd2 Bd4 24. Nf3 Qb1+ 25. Kh2 Bxf2 26. Bxb4 cxb4 27. Qxb4 Bc5 28. Qxb7 Qf5 29. Qe7 h5 30. h4 Qf4+ 31. Kh1 Qxc4 32. Qg5 Qf1+ 33. Kh2 Qf2 34. Qd8+ Kg7 35. Qg5 Be3 36. Qe7 Bf4+ 37. Kh1 Qxb2 38. Qe1 Qf6 39. Kg1 Qf5 40. Kh1 Qg4 41.
Qa1+ Kh7 42. Qe1 Bg3 43. Qf1 Bxh4 44. Nxh4 Qxh4+ 45. Kg1 Kg7 46. Qa1+ 1-0

[Event "*** SCC Grand Prix: Titled Tuesday Blitz"]
[Site "Chess.com"]
[Date "2020.06.23"]
[Round "8"]
[White "MatyChess1"]
[Black "Mikhal867"]
[Result "1/2-1/2"]
[WhiteElo "2541"]
[BlackElo "2345"]
[TimeControl "180+1"]
[EndTime "11:36:18 PDT"]
[Termination "Game drawn by repetition"]

1. d4 g6 2. g3 Bg7 3. Bg2 d6 4. e4 Nd7 5. Ne2 e5 6. Nbc3 Ngf6 7. O-O O-O 8. h3 c6 9. a4 a5 10. Bg5 h6 11. Be3 b6 12. Qd2 Kh7 13. Rfd1 Ne8 14.
g4 Qh4 15. d5 c5 16. Ng3 Ba6 17. Kh2 Nc7 18. Bf1 Bf6 19. Bxa6 Rxa6 20. Nce2 Bg5 21. Ng1 Bxe3 22. Qxe3 b5 23. axb5 Nxb5 24. Qd3 Rb8 25. c3 a4 26. Nf3 Qd8 27. Nd2 a3 28. bxa3 Rxa3 29. Rxa3 Nxa3 30. Ra1 Nb5 31. Nc4 Ra8 32. Rb1 Na3 33. Rb7 Nxc4 34. Qxc4 Qc8 35. Qb5 Rb8 36. Rxb8 Nxb8 37. Nf1 Qa6 38. Qxa6 Nxa6 39.
Ne3 Nc7 40. Nc4 Nb5 41. f3 Kg7 42. Kg3 Kf6 43. h4 Ke7 44. Kf2 Nxc3 45. Ke3 Nb5 46. f4 exf4+ 47. Kxf4 Nd4 48. e5 dxe5+ 49. Nxe5 g5+ 50.
hxg5 hxg5+ 51. Ke4 Nb3 52. Nc4 f6 53. Kf5 Nd4+ 54.
Ke4 Ne2 55. Kf5 Ng3+ 56. Kg6 Ne2 57. Kf5 Nd4+ 58. Ke4 Ne2 59. Kf5 1/2-1/2

[Event "*** SCC Grand Prix: Titled Tuesday Blitz"]
[Site "Chess.com"]
[Date "2020.06.23"]
[Round "8"]
[White "Escanor89"]
[Black "Godzillator"]
[Result "0-1"]
[WhiteElo "2550"]
[BlackElo "2413"]
[TimeControl "180+1"]
[EndTime "11:36:20 PDT"]
[Termination "Godzillator won on time"]

1. c4 c6 2. e4 d5 3. exd5 cxd5 4. d4 Nf6 5. Nc3 e6 6. Nf3 Bb4 7. Bd3 dxc4 8. Bxc4 O-O 9. O-O Nc6 10. Re1 b6 11.
a3 Be7 12. Bg5 Bb7 13. Qd3 Rc8 14. Rad1 Nd5 15. Bxe7 Ncxe7 16. Ne5 Nxc3 17. bxc3 Ng6 18. Nxg6 hxg6 19. Bb3 Qg5 20. f3 Rfd8 21. Re5 Qf4 22. Rde1 Rc7 23. Qe3 Qxe3+ 24. R5xe3 Rdc8 25. Rc1 Ba6 26.
Kf2 Bc4 27. Bd1 Kf8 28. Ke1 Rd8 29. Bc2 Rd5 30. Rb1 Ra5 31. a4 Ke7 32. Kd2 Rd7 33. f4 Kf6 34. Rb4 Bd5 35. g3 Bc6 36. h4 Ke7 37.
Re5 Rxe5 38. fxe5 Rd8 39. Ke3 Rh8 40. Be4 Kd7 41. Bd3 Kc7 42. Bc2 Rh6 43. Rb1 f5 44. Rf1 Bd5 45. Bd3 Rh8 46. Ra1 a5 47. Bb5 g5 48. hxg5 Rh2 49. c4 Be4 50. Rd1 Rg2 51.
d5 Rxg3+ 52. Kf2 Rf3+ 53. Ke2 Ra3 54. d6+ Kd8 55. Kf2 Rf3+ 56. Ke2 Rg3 57. Kd2 Rxg5 58. c5 bxc5 59. Rc1 Rg2+ 60. Ke3 Rc2 61. Rg1 Rc3+ 62. Kd2 Rc2+ 63. Ke3 Rg2 64. Rc1 Bc2 0-1

[Event "*** SCC Grand Prix: Titled Tuesday Blitz"]
[Site "Chess.com"]
[Date "2020.06.23"]
[Round "8"]
[White "chesslh19"]
[Black "elohunter1999"]
[Result "0-1"]
[WhiteElo "2128"]
[BlackElo "2447"]
[TimeControl "180+1"]
[EndTime "11:36:20 PDT"]
[Termination "elohunter1999 won by resignation"]

1. e4 e5 2. Nf3 Nc6 3. Bb5 a6 4.
Ba4 Nf6 5. O-O Be7 6. Re1 b5 7. Bb3 d6 8. c3 O-O 9. h3 Bb7 10. d4 Nd7 11. Nbd2 exd4 12. cxd4 Re8 13. Nf1 Na5 14.
Bc2 Bf6 15. Ng3 g6 16. Rb1 c5 17. d5 Nc4 18. b3 Ncb6 19. Bf4 Ne5 20. Nxe5 Bxe5 21.
Bxe5 dxe5 22. Qd2 Nc8 23. f4 Qh4 24. Ne2 Nd6 25. Kh2 exf4 26. Qxf4 Qe7 27. Ng1 f6 28. Nf3 Nf7 29. Rbd1 Rad8 30. g4 Qd6 31. Qxd6 Rxd6 32. Kg3 Ne5 33. Nxe5 fxe5 34. Rf1 Rf8 35. Rxf8+ Kxf8 36. Rf1+ Ke7 37. g5 c4 38. bxc4 bxc4 39. Rb1 Bc8 40. Rb8 Kd8 41. h4 Kc7 42. Rb1 Rb6 43. Kf2 Rxb1 44. Bxb1 Kd6 45. Ke3 Kc5 46. Bc2 Bd7 47. Bd1 Kb4 48. Kd2 c3+ 49. Kc1 Kc5 50. Bb3 Kd4 51. Bc2 a5 52. a3 Ke3 53. Bb3 Kxe4 54. Kc2 Kd4 55. Ba2 e4 56.
Kd1 e3 57. Bb3 Bg4+ 58. Ke1 Kd3 59. d6 c2 60. Bxc2+ Kxc2 61. d7 Bxd7 62. Ke2 Kb3 63. Kxe3 Kxa3 64. Kd4 Kb2 65. Ke5 a4 66. Kf6 Bg4 67.
Kg7 Bh5 68. Kxh7 a3 0-1

[Event "*** SCC Grand Prix: Titled Tuesday Blitz"]
[Site "Chess.com"]
[Date "2020.06.23"]
[Round "8"]
[White "hansen"]
[Black "mbachez"]
[Result "1-0"]
[WhiteElo "2973"]
[BlackElo "2454"]
[TimeControl "180+1"]
[EndTime "11:36:21 PDT"]
[Termination "hansen won by resignation"]

1. e4 c6 2. Nc3 d5 3. Nf3 Nf6 4. Qe2 Bg4 5. h3 Bxf3 6. Qxf3 e6 7. Be2 Nbd7 8. d4 dxe4 9. Nxe4 Nxe4 10. Qxe4 Bd6 11.
O-O O-O 12. Rd1 Qa5 13. c3 Nf6 14. Qc2 Rac8 15. Bf3 e5 16. dxe5 Qxe5 17. g3 Bc5 18. Bf4 Qe6 19. Kg2 Rfe8 20. a4 a5 21. Rd2 h6 22. Rad1 Bb6 23. Rd6 Qe7 24. Qf5 Rcd8 25. b4 Bc7 26. Rxd8 Rxd8 27. Rxd8+ Qxd8 28. Bxc7 Qxc7 29.
Qxa5 Qxa5 30. bxa5 Nd7 31. a6 bxa6 32. Bxc6 Nc5 33. a5 Kf8 34. Kf3 Ke7 35. Ke3 Kd6 36. Bf3 Nb3 37. Be2 Nc5 38. Bc4 f6 39. Kf4 Ke7 40. Kf5 Nb7 41. Bxa6 Nxa5 42. h4 Nb3 43. h5 Kf8 44. Bc4 Nc5 45. Kf4 Ke7 46. Ke3 Kd6 47. Kd4 Nd7 48. Bb3 Nc5 49. Ba2 Nd7 50.
Bc4 Nc5 51. Bb5 Ne6+ 52. Ke4 Nc5+ 53. Kf5 Ke7 54. Bc6 Kd6 55. Kg6 Kxc6 56. Kxg7 Ne4 57. Kxh6 Nxf2 58. Kg6 Ne4 59. h6 Ng5 60. h7 Nxh7 61.
Kxh7 f5 62. Kg6 Kd5 63. Kxf5 1-0

[Event "*** SCC Grand Prix: Titled Tuesday Blitz"]
[Site "Chess.com"]
[Date "2020.06.23"]
[Round "8"]
[White "Benjoneliere44"]
[Black "DenLaz"]
[Result "0-1"]
[WhiteElo "2548"]
[BlackElo "2712"]
[TimeControl "180+1"]
[EndTime "11:36:21 PDT"]
[Termination "DenLaz won on time"]

1. e4 e5 2. Nc3 Nf6 3. g3 d5 4. exd5 Nxd5 5. Bg2 Nxc3 6. bxc3 Nc6 7. Qh5 Qe7 8. Nf3 g6 9. Qg5 f6 10. Qe3 Bg7 11. a4 Bf5 12. Ba3 Qd7 13. d3 O-O-O 14. Rb1 e4 15. Nd4 Nxd4 16. cxd4 Qxd4 17. O-O Qxe3 18.
fxe3 Rhe8 19. g4 Bxg4 20. Bxe4 b6 21. Bb2 Re7 22. Bxf6 Bxf6 23. Rxf6 a5 24. Kg2 Bd7 25. Ra1 Re5 26. c4 Bf5 27. Bxf5+ gxf5 28. Rd1 Rxe3 29.
Rxf5 Rdxd3 30. Rdf1 Re2+ 31. Kg1 Rh3 32. c5 Rhxh2 33.
Rf8+ Kb7 34. Rc1 Reg2+ 35. Kf1 Rg6 36. Rc4 Rc6 37. Rf5 Ra2 38. Rh5 h6 39. Rch4 Rxc5 40. Rxc5 bxc5 41. Rxh6 Rxa4 42. Ke2 Rd4 43. Rh5 Kb6 44.
Rh6+ c6 45. Rh7 Kb5 46. Rb7+ Ka4 47. Ke3 Rb4 48. Rc7 Kb3 49. Rxc6 c4 50. Kd2 a4 51.
Kc1 c3 52. Kb1 Rb8 53. Rh6 Rb5 54. Rh8 Re5 0-1

[Event "*** SCC Grand Prix: Titled Tuesday Blitz"]
[Site "Chess.com"]
[Date "2020.06.23"]
[Round "8"]
[White "ExtremeLearner"]
[Black "Artyom_ChessMate"]
[Result "0-1"]
[WhiteElo "2219"]
[BlackElo "2519"]
[TimeControl "180+1"]
[EndTime "11:36:21 PDT"]
[Termination "Artyom_ChessMate won by checkmate"]

1. d4 d5 2. Bf4 Nf6 3. e3 c5 4. c3 Nc6 5. Nd2 cxd4 6. exd4 g6 7. Ngf3 Bg7 8. Bd3 O-O 9. O-O Nh5 10. Bg5 h6 11. Bh4 Qb6 12. Qb1 Nf4 13. Bc2 e5 14. dxe5 Nxe5 15. Nxe5 Bxe5 16. Nf3 Bg7 17. Re1 Bg4 18. Nd4 Rfe8 19. Bb3 Bxd4 20. cxd4 Qxd4 21. Bg3 Ne2+ 22. Kh1 Nxg3+ 23. fxg3 Qd2 24. Qc1 Rxe1+ 25. Qxe1 Qxe1+ 26. Rxe1 Be6 27. Rd1 Rc8 28. Kg1 Rc5 29.
Kf2 Kg7 30. Ke3 Kf6 31. Kd4 b6 32. Rf1+ Ke7 33. a3 a5 34. Rf2 a4 35. Bd1 Rc4+ 36.
Kd3 b5 37. Bf3 Kd6 38. g4 Bxg4 39. Bxg4 Rxg4 40. Rxf7 Rxg2 41. Rf6+ Kc5 42. h4 Rxb2 43. Rxg6 Rb3+ 44. Kc2 Rxa3 45. Rxh6 Rh3 46. Rh8 b4 47.
Rc8+ Kd4 48. Rb8 b3+ 49. Kb2 Rh2+ 50. Kb1 Kd3 51. Ra8 Rxh4 52. Rxa4 Rxa4 53. Kb2 Ra2+ 54. Kc1 Rc2+ 55. Kb1 Kc3 56. Ka1 Rc1# 0-1

[Event "*** SCC Grand Prix: Titled Tuesday Blitz"]
[Site "Chess.com"]
[Date "2020.06.23"]
[Round "8"]
[White "ARTHURMOTIVATOR"]
[Black "Mbneu"]
[Result "1/2-1/2"]
[WhiteElo "2328"]
[BlackElo "2193"]
[TimeControl "180+1"]
[EndTime "11:36:21 PDT"]
[Termination "Game drawn by agreement"]

1. e4 c5 2. b3 Nc6 3. Bb2 e5 4. Bb5 Nd4 5. Bc4 d6 6. Ne2 Bg4 7. Bxd4 cxd4 8. O-O a6 9. f3 Be6 10. Bxe6 fxe6 11. d3 g5 12. Nd2 Nf6 13. Qe1 h5 14. a4 h4 15. c3 dxc3 16. Nxc3 Bh6 17. Nc4 O-O 18. Rd1 Rc8 19. Kh1 Nh5 20. d4 Qf6 21.
Nxd6 exd4 22. e5 Qf4 23. Nce4 Rc2 24. Rd2 Rxd2 25. Qxd2 Bg7 26. Qxf4 Nxf4 27. Nxb7 Bxe5 28. Rd1 d3 29. Nbc5 Rc8 30. g3 hxg3 31. hxg3 Ne2 32.
Nxd3 Nxg3+ 33. Nxg3 Bxg3 34. Kg2 Bf4 35. Nxf4 gxf4 36. Rd6 Rc2+ 37. Kh3 Rc3 38. Kg4 Rxb3 39. Rxe6 a5 40. Re5 Rb4 41. Rxa5 Kg7 42. Ra6 Kf7 43. a5 Ra4 44. Ra8 Ke7 45. a6 Kf7 46. a7 Kg7 47.
Kg5 Kh7 48. Kf6 Ra6+ 49. Ke5 Ra4 50. Kf5 Kg7 51. Ke6 Ra6+ 52. Ke5 Ra4 53. Kf5 Kh7 54. Re8 Rxa7 55. Kxf4 Kg6 56. Kg4 1/2-1/2

[Event "*** SCC Grand Prix: Titled Tuesday Blitz"]
[Site "Chess.com"]
[Date "2020.06.23"]
[Round "8"]
[White "PauloCesarCosta_sad"]
[Black "MuhittinBuker"]
[Result "1/2-1/2"]
[WhiteElo "2231"]
[BlackElo "1920"]
[TimeControl "180+1"]
[EndTime "11:36:21 PDT"]
[Termination "Game drawn by repetition"]

1. Nf3 Nf6 2. c4 c5 3. g3 Nc6 4. Bg2 g6 5. d4 cxd4 6. Nxd4 Bg7 7. Nc3 Nxd4 8. Qxd4 d6 9. O-O O-O 10. Qd3 Bf5 11.
e4 Bd7 12. e5 dxe5 13. Bxb7 Rb8 14. Bg2 Qc7 15. Re1 Be6 16. b3 Rfd8 17. Qe2 Nd7 18. Nb5 Qa5 19. Bd2 Qa6 20. Be3 e4 21. Rad1 Nf6 22. Nc7 Qc8 23. Nxe6 Qxe6 24. Rxd8+ Rxd8 25. Bxa7 Qa6 26. Bc5 e6 27. Rd1 Rxd1+ 28. Qxd1 h5 29. a4 Qb7 30. Bd4 Ng4 31. Bxg7 Kxg7 32. Qd4+ e5 33. Qc3 f6 34. h3 Nh6 35. Qe3 f5 36. Qc3 Qc7 37. c5 Nf7 38. b4 Kh6 39. b5 Qd7 40. c6 Qd1+ 41. Kh2 f4 42. Qc4 Ng5 43. Qg8 fxg3+ 44. fxg3 Nf3+ 45. Bxf3 exf3 46. Qh8+ Kg5 47. Qxe5+ Kh6 48. Qh8+ Kg5 49. Qe5+ Kh6 50. Qf4+ Kg7 51. Qe5+ Kf7 52. Qf4+ Kg8 53. Qb8+ Kg7 54. Qc7+ Kh6 55.
Qf4+ Kg7 56. Qc7+ Kh6 57. Qf4+ 1/2-1/2

[Event "*** SCC Grand Prix: Titled Tuesday Blitz"]
[Site "Chess.com"]
[Date "2020.06.23"]
[Round "8"]
[White "pedromartinez91"]
[Black "maciek_92"]
[Result "0-1"]
[WhiteElo "2503"]
[BlackElo "2700"]
[TimeControl "180+1"]
[EndTime "11:36:22 PDT"]
[Termination "maciek_92 won on time"]

1. Nf3 f5 2. g3 Nf6 3. d4 g6 4. c4 Bg7 5. Bg2 O-O 6. Nc3 d6 7.
O-O Qe8 8. d5 Na6 9. Rb1 Nc5 10.
Nd4 a5 11. b3 h6 12. Ba3 Nfd7 13. e3 Kh7 14. Ncb5 Qd8 15. Rc1 Ne5 16. Rc2 Ne4 17. f3 Nc5 18. h3 Bd7 19. f4 Nf7 20. Bxc5 dxc5 21. Ne6 Bxe6 22. dxe6 Nd6 23. Nxd6 cxd6 24. Bxb7 Ra7 25. Bd5 a4 26. e4 axb3 27. axb3 Qa5 28. exf5 gxf5 29. Qf3 Bd4+ 30. Kh1 Qd8 31. g4 Ra3 32. g5 Rg8 33. Rg2 Qe8 34. h4 Qf8 35.
Qh3 Kg7 36. Rf3 h5 37. b4 Kg6 38. Rxa3 cxb4 39. Ra8 Qg7 40. Rxg8 Qxg8 41. Qd3 Bc3 42. Ra2 Qb8 43. Ra8 Qb6 44. Rg8+ Kh7 45. Rd8 Qxd8 46. Qxf5+ Kg7 47. Qf7+ Kh8 48. Qxh5+ Kg8 49.
Qg6+ Bg7 50. f5 Qa5 51. f6 Qa1+ 52. Kg2 Qb2+ 53. Kg3 Qe5+ 54. Kg4 Qe2+ 55. Bf3 Qxc4+ 56. Be4 Qe2+ 0-1

[Event "*** SCC Grand Prix: Titled Tuesday Blitz"]
[Site "Chess.com"]
[Date "2020.06.23"]
[Round "8"]
[White "Durarbayli"]
[Black "ENajer77"]
[Result "1/2-1/2"]
[WhiteElo "2841"]
[BlackElo "2699"]
[TimeControl "180+1"]
[EndTime "11:36:23 PDT"]
[Termination "Game drawn by repetition"]

1. e4 c6 2. Nf3 d5 3. Nc3 Bg4 4. h3 Bxf3 5. Qxf3 Nf6 6. d3 e6 7. Bd2 Qb6 8. O-O-O d4 9. Ne2 c5 10. g4 Nc6 11. Qg3 c4 12. g5 c3 13. Nxc3 dxc3 14. Bxc3 Nd7 15. d4 Nb4 16. Bc4 Rc8 17. Bb3 a5 18.
Kb1 Bd6 19. f4 O-O 20. a3 Qa6 21. e5 Be7 22. Ba4 b5 23. Bb3 a4 24. Bxb4 axb3 25. Qxb3 Bxb4 26. Qxb4 Nb6 27. Rhf1 Nd5 28. Qb3 b4 29. axb4 Ra8 30. c4 Rfc8 31. b5 Qa5 32. Rf3 Nb4 33. Kc1 Qxb5 34. Rc3 Na2+ 35. Kd2 Nxc3 36.
cxb5 Nxd1 37. Kxd1 Rd8 38. Qb4 Rab8 39. Ke2 Rb6 40. Qc5 Rdb8 41. Qc7 Rxb5 42. Ke3 Rxb2 43. f5 exf5 44. d5 g6 45. d6 R8b4 46. d7 R2b3+ 47. Kd2 Rb2+ 48. Kc3 R2b3+ 49. Kc2 Rb2+ 50. Kd3 R2b3+ 51.
Kd2 Rb2+ 52. Kc3 R2b3+ 53. Kc2 Rb2+ 54. Kc3 1/2-1/2